[Event "Titled Tuesday Blitz August 22 Early 2023"]
[White "Paichadze, Luka"]
[Black "CrazyAdvenTures"]
[WhiteFideId "13602934"]
[WhiteElo "2826"]
[BlackElo "2629"]
[Result "0-1"]
[Round "5"]
[TimeControl "180+1"]
[Date "2023.08.22"]
[WhiteClock "0:00:00"]
[BlackClock "0:00:06"]
[Board "46"]

1. e4 e5 2. d4 exd4 3. Qxd4 Nc6 4. Qe3 Nf6 5. Nc3 Bb4 6. Bd2 O-O 7. O-O-O Re8 8. Bc4 Bxc3 9. Bxc3 Nxe4 10. Qf4 Nxc3 11. Bxf7+ Kh8 12. Bxe8 Nxa2+ 13. Kb1 Qxe8 14. Kxa2 d6 15. Nf3 Be6+ 16. Kb1 h6 17. Rhe1 Qg6 18. Nh4 Qh5 19. Rd3 Bf7 20. Nf3 Rf8 21. Kc1 Kg8 22. Qd2 a5 23. h3 Nb4 24. Rd4 Qc5 25. Re7 Bg6 26. Ne1 Nc6 27. Rd5 Qc4 28. Rxc7 Qa2 29. Qd1 Rxf2 30. Rxa5 Qxa5 31. Kb1 Qxc7 0-1


[Site "https://www.chess.com"]

[Event "Titled Tuesday Blitz August 22 Early 2023"]
[White "Vakhlamov, Igor L."]
[Black "Maltsevskaya, Aleksandra"]
[WhiteFideId "24126748"]
[BlackFideId "24174041"]
[WhiteElo "2801"]
[BlackElo "2628"]
[Result "1/2-1/2"]
[Round "5"]
[TimeControl "180+1"]
[Date "2023.08.22"]
[WhiteClock "0:00:05"]
[BlackClock "0:00:05"]
[Board "47"]

1. e4 c5 2. Nf3 e6 3. Nc3 Nc6 4. d4 cxd4 5. Nxd4 Nf6 6. Nxc6 bxc6 7. Bd3 d5 8. O-O Be7 9. Re1 O-O 10. Qf3 a5 11. b3 Ba6 12. Bb2 Bxd3 13. Qxd3 Nd7 14. Rad1 Bf6 15. Qg3 d4 16. Na4 e5 17. Ba3 Re8 18. Nb2 a4 19. Nc4 axb3 20. axb3 Nb6 21. Nxb6 Qxb6 22. Ra1 c5 23. Qd3 c4 24. bxc4 Qc6 25. Rab1 Be7 26. Bxe7 Rxe7 27. Rb5 h6 28. g3 Ra2 29. Reb1 Kh7 30. c5 Rea7 31. h4 R7a3 32. R1b3 Ra1+ 33. Kh2 Rxb3 34. cxb3 Rc1 35. Rb8 Rc3 36. Qb5 Qf6 37. Qe2 d3 38. Qe3 Rc2 39. Kg2 Re2 40. Qf3 Qxf3+ 41. Kxf3 Rc2 42. Rd8 Rxc5 43. Rxd3 Rb5 44. Ke3 Kg6 45. g4 h5 46. g5 f6 47. gxf6 gxf6 48. Kd2 f5 49. Rg3+ Kf6 50. Rg5 fxe4 51. Rxh5 Rxb3 52. Rh8 Rh3 53. Ke2 Kf5 54. h5 Kg5 55. Re8 e3 56. Rxe5+ Kf4 57. Rxe3 Rxh5 58. Re8 Rf5 59. f3 Rb5 60. Re4+ Kf5 61. Kf2 Rb2+ 62. Kg3 Rb1 63. Re8 Rg1+ 64. Kf2 Rb1 65. Rf8+ Kg5 66. Kg3 Rg1+ 67. Kh3 Rb1 68. Rf7 Kg6 69. Rf4 Kg5 70. Ra4 Kf5 71. Kg3 Rb5 72. Rf4+ Kg5 73. Rg4+ Kf5 74. Rh4 Kg5 75. f4+ Kg6 76. Kg4 Rb1 77. Rh3 Rg1+ 78. Kf3 Rf1+ 79. Ke4 Re1+ 80. Kd4 Kf5 81. Rh4 Re4+ 82. Kd3 Rxf4 83. Rh5+ Kf6 84. Rh8 Ke5 85. Re8+ Kd6 86. Rd8+ Ke5 87. Re8+ Kd5 88. Rd8+ Ke5 89. Re8+ 1/2-1/2


[Site "https://www.chess.com"]

[Event "Titled Tuesday Blitz August 22 Early 2023"]
[White "Tologon tegin, Semetei"]
[Black "Gorovets, Andrey"]
[WhiteFideId "13800574"]
[BlackFideId "13504037"]
[WhiteElo "2627"]
[BlackElo "2794"]
[Result "0-1"]
[Round "5"]
[TimeControl "180+1"]
[Date "2023.08.22"]
[WhiteClock "0:00:00"]
[BlackClock "0:00:20"]
[Board "48"]

1. e4 c5 2. Nf3 Nc6 3. d4 cxd4 4. Nxd4 Nf6 5. Nc3 e5 6. Ndb5 d6 7. Bg5 a6 8. Na3 Be6 9. Nc4 Rb8 10. Ne3 Be7 11. Bxf6 Bxf6 12. Ncd5 Bg5 13. c3 g6 14. a4 O-O 15. Be2 f5 16. Bf3 Bxe3 17. Nxe3 Ne7 18. Qd2 f4 19. Nc2 d5 20. Nb4 dxe4 21. Bxe4 Qxd2+ 22. Kxd2 Rfd8+ 23. Kc2 Kf7 24. a5 Bf5 25. Rhe1 Kf6 26. Re2 g5 27. Rae1 Ng6 28. Nd3 Bxe4 29. Rxe4 Rd5 30. b4 Rbd8 31. Rd1 Kf5 32. f3 g4 33. Nf2 gxf3 34. gxf3 Rxd1 35. Nxd1 Nh4 36. Rc4 Rd7 37. Rc5 Nxf3 38. Nb2 Ne1+ 39. Kb3 Nd3 0-1


[Site "https://www.chess.com"]

[Event "Titled Tuesday Blitz August 22 Early 2023"]
[White "Kosakowski, Jakub"]
[Black "Vlassov, Nikolai"]
[WhiteFideId "1185080"]
[BlackFideId "4103360"]
[WhiteElo "2794"]
[BlackElo "2619"]
[Result "1-0"]
[Round "5"]
[TimeControl "180+1"]
[Date "2023.08.22"]
[WhiteClock "0:00:11"]
[BlackClock "0:00:00"]
[Board "49"]

1. d4 Nf6 2. Nf3 e6 3. e3 c5 4. Bd3 b6 5. c4 Bb7 6. Nc3 cxd4 7. exd4 Bb4 8. O-O O-O 9. Bg5 h6 10. Bh4 Be7 11. Re1 d5 12. Ne5 Nbd7 13. Qe2 Rc8 14. Rad1 dxc4 15. Bxc4 Nd5 16. Bxd5 Bxd5 17. Nxd7 Bc4 18. Bxe7 Qxe7 19. Qg4 Qxd7 20. d5 f5 21. dxe6 Qc6 22. Qf4 Bxe6 23. Rd6 Qc4 24. Rd4 Qc6 25. h4 Rce8 26. Re5 Bc8 27. Nd5 Bb7 28. Rd3 Rxe5 29. Qxe5 Re8 30. Qxf5 Re1+ 31. Kh2 Qd6+ 32. Nf4 Qf6 33. Qxf6 gxf6 34. Rd7 Be4 35. Re7 Kf8 36. Ng6+ Bxg6 37. Rxe1 Bf7 38. a3 a5 39. Kg3 Bc4 40. Kf4 Kf7 41. f3 b5 42. g4 a4 43. Re3 Bb3 44. Rd3 Ke6 45. Rd8 Kf7 46. Rb8 Bc4 47. Rb7+ Kg8 48. Rb6 Kf7 49. Kf5 1-0


[Site "https://www.chess.com"]

[Event "Titled Tuesday Blitz August 22 Early 2023"]
[White "Cherniaiev, Tykhon"]
[Black "Kuzhilniy, Oleksandr"]
[WhiteFideId "14182360"]
[BlackFideId "34110500"]
[WhiteElo "2794"]
[BlackElo "2617"]
[Result "1-0"]
[Round "5"]
[TimeControl "180+1"]
[Date "2023.08.22"]
[WhiteClock "0:00:06"]
[BlackClock "0:00:01"]
[Board "50"]

1. Nf3 Nf6 2. d4 e6 3. c4 b6 4. g3 Bb7 5. Bg2 Bb4+ 6. Bd2 Bxd2+ 7. Nbxd2 O-O 8. Qc2 c5 9. O-O cxd4 10. Nxd4 Bxg2 11. Kxg2 Qc8 12. Rac1 d6 13. N2f3 Nbd7 14. Rfd1 a6 15. a3 Rd8 16. Nb3 Nc5 17. Nxc5 Qxc5 18. b4 Qc7 19. Qb3 Rac8 20. Kg1 h6 21. Nd4 Qb7 22. b5 axb5 23. cxb5 Rxc1 24. Rxc1 Nd7 25. Nc6 Ra8 26. Qf3 Nc5 27. Ne7+ Kf8 28. Nc6 d5 29. Qf4 Rxa3 30. Qd6+ Kg8 31. Qd8+ Kh7 32. Qf8 Ra8 33. Qd6 Qd7 34. Qf4 Ra4 35. Qf3 f6 36. h4 e5 37. Rd1 d4 38. h5 Qe6 39. Rc1 Ra2 40. Nb4 Rb2 41. Nd3 Nxd3 42. Qxd3+ f5 43. Rc6 Qf7 44. g4 e4 45. Qxd4 Rb1+ 46. Kg2 Qe7 47. Rg6 Qg5 48. Rxg5 hxg5 49. gxf5 1-0


[Site "https://www.chess.com"]

[Event "Titled Tuesday Blitz August 22 Early 2023"]
[White "Erzhanov, Arman"]
[Black "Adewumi, Tanitoluwa"]
[WhiteFideId "4138821"]
[BlackFideId "30966396"]
[WhiteElo "2616"]
[BlackElo "2792"]
[Result "0-1"]
[Round "5"]
[TimeControl "180+1"]
[Date "2023.08.22"]
[WhiteClock "0:00:02"]
[BlackClock "0:00:04"]
[Board "51"]

1. e4 c5 2. Nf3 e6 3. b3 a6 4. Bb2 Nc6 5. g3 d5 6. exd5 exd5 7. Bg2 Nf6 8. O-O Be7 9. d4 O-O 10. dxc5 Bxc5 11. Nc3 Bg4 12. h3 Bxf3 13. Bxf3 Qd6 14. Kh2 Rad8 15. Bg2 h5 16. Na4 Ba7 17. Bxf6 Qxf6 18. Qf3 Qxf3 19. Bxf3 b5 20. Nb2 g6 21. Nd3 Nd4 22. Bd1 Rc8 23. Rc1 Rc3 24. Nf4 Rd8 25. Ne2 Rc7 26. Nxd4 Bxd4 27. Bf3 Bb2 28. Rcd1 Rxc2 29. Rxd5 Rxd5 30. Bxd5 Bd4 31. a4 Bxf2 32. axb5 axb5 33. Kg2 Bc5+ 34. Kh1 Bf2 35. Kg2 Be1+ 36. Kf3 Rc3+ 37. Ke2 Bxg3 38. Rxf7 Kh8 39. Rf8+ Kg7 40. Rf7+ Kh6 41. Rf3 Rc5 42. Bf7 Be5 43. Re3 Kg7 44. Be6 Kf6 45. Bg8 g5 46. Kf3 Bf4 47. Rd3 Ke5 48. Rd8 Rc3+ 49. Kg2 Rg3+ 50. Kf2 Rxh3 51. Re8+ Kf6 52. Rf8+ Ke5 53. Rc8 b4 54. Rc5+ Kd6 55. Rc4 Rh2+ 56. Kg1 Rd2 57. Rxb4 Ke5 58. Rb5+ Ke4 59. Bh7+ Kf3 60. Bg6 Rd1# 0-1


[Site "https://www.chess.com"]

[Event "Titled Tuesday Blitz August 22 Early 2023"]
[White "Materia, Marco"]
[Black "Arat, Ufuk Sezen"]
[WhiteFideId "45150451"]
[BlackFideId "6309089"]
[WhiteElo "2791"]
[BlackElo "2615"]
[Result "1/2-1/2"]
[Round "5"]
[TimeControl "180+1"]
[Date "2023.08.22"]
[WhiteClock "0:00:28"]
[BlackClock "0:00:27"]
[Board "52"]

1. d4 Nf6 2. c4 e6 3. Nf3 b6 4. g3 Bb7 5. Bg2 Be7 6. O-O O-O 7. Re1 d5 8. cxd5 exd5 9. Nc3 Nbd7 10. Qc2 c5 11. Bf4 Rc8 12. Rad1 Re8 13. e3 Ne4 14. Ne5 Nxc3 15. bxc3 cxd4 16. exd4 Bb4 17. Nxf7 Kxf7 18. Qf5+ Nf6 19. cxb4 g6 20. Qh3 h5 21. Bg5 Qd6 22. Bxf6 Kxf6 23. a3 Kg7 24. Qh4 Ba6 25. Qg5 Be2 26. Rc1 Bc4 27. Re5 Rxe5 28. dxe5 Qe6 29. Qe3 Rd8 30. Rd1 Re8 31. f4 h4 32. Kf2 g5 33. Qd4 Rf8 34. Bxd5 hxg3+ 35. hxg3 Bxd5 36. Qxd5 Qxd5 37. Rxd5 gxf4 38. g4 Kg6 39. Kf3 Rc8 40. Kxf4 Rc4+ 41. Kf3 Kg5 42. e6+ Kf6 43. Rd7 Rc3+ 44. Kf4 Rc4+ 45. Kg3 Rc3+ 46. Kh4 Rxa3 47. e7 Kf7 48. g5 Ke8 49. Rb7 Rb3 50. g6 Rxb4+ 51. Kg5 Rb1 52. Rb8+ Kxe7 53. Rb7+ Kf8 54. Rxa7 Rg1+ 55. Kf6 Rf1+ 56. Ke6 Re1+ 57. Kd5 Rg1 58. g7+ Rxg7 59. Rxg7 Kxg7 60. Kc6 Kf6 61. Kxb6 1/2-1/2


[Site "https://www.chess.com"]

[Event "Titled Tuesday Blitz August 22 Early 2023"]
[White "Krzyzanowski, Marcin"]
[Black "Borgaonkar Akshay"]
[WhiteFideId "1132199"]
[BlackFideId "25639110"]
[WhiteElo "2781"]
[BlackElo "2600"]
[Result "1-0"]
[Round "5"]
[TimeControl "180+1"]
[Date "2023.08.22"]
[WhiteClock "0:00:20"]
[BlackClock "0:00:01"]
[Board "53"]

1. e4 g6 2. d4 Bg7 3. Nc3 c6 4. Nf3 d5 5. h3 dxe4 6. Nxe4 Nf6 7. Nxf6+ exf6 8. Bc4 O-O 9. O-O Re8 10. c3 Be6 11. Bxe6 Rxe6 12. Bf4 Nd7 13. d5 cxd5 14. Qxd5 Ne5 15. Qxd8+ Rxd8 16. Nd4 Red6 17. Rad1 Rd5 18. b3 f5 19. Bg5 R8d7 20. Rfe1 h6 21. Be3 Nc6 22. Rd2 Nxd4 23. cxd4 g5 24. g3 Bf6 25. Kg2 Kg7 26. Rc1 Kg6 27. Rc4 b5 28. Rc6 Kg7 29. Ra6 Bd8 30. Rc6 Bb6 31. Kf3 f6 32. Re2 Kg6 33. h4 Rd8 34. Re1 R8d7 35. h5+ Kf7 36. Re2 Re7 37. Rec2 Bxd4 38. Rd2 Red7 39. Rxd4 Rxd4 40. Bxd4 Rxd4 41. Rc7+ Kg8 42. Rxa7 Rd2 43. Ra5 Kf7 44. Rxb5 Rxa2 45. Rxf5 Ke6 46. Rb5 Rb2 47. g4 Rc2 48. Rb7 Rc3+ 49. Ke4 Rc2 50. f3 Re2+ 51. Kd3 Rf2 52. Ke3 Rc2 53. b4 Rc3+ 54. Ke2 Ke5 55. Rb5+ Ke6 56. Rf5 Rb3 57. b5 Kf7 58. Kd2 Ke6 59. Kc2 Rb4 60. Kc3 Rb1 61. Kc4 Ke7 62. Kc5 Ke6 63. Kc6 Rc1+ 64. Rc5 Rf1 65. b6 Rxf3 66. b7 Rb3 67. Rb5 Rc3+ 68. Kb6 1-0


[Site "https://www.chess.com"]

[Event "Titled Tuesday Blitz August 22 Early 2023"]
[White "Ahmad, Khagan"]
[Black "Kushko, Dmitriy"]
[WhiteFideId "13431552"]
[BlackFideId "14162261"]
[WhiteElo "2600"]
[BlackElo "2772"]
[Result "0-1"]
[Round "5"]
[TimeControl "180+1"]
[Date "2023.08.22"]
[WhiteClock "0:00:00"]
[BlackClock "0:00:05"]
[Board "54"]

1. c4 g6 2. Nf3 Bg7 3. Nc3 d6 4. e4 e5 5. d4 Bg4 6. d5 a5 7. h3 Bxf3 8. Qxf3 Na6 9. Be3 h5 10. c5 Nxc5 11. Bxc5 dxc5 12. Bb5+ Kf8 13. Bc4 Nf6 14. O-O-O Qe7 15. g4 Ne8 16. d6 Nxd6 17. Rxd6 cxd6 18. gxh5 Rxh5 19. Nd5 Qg5+ 20. Kc2 Kg8 21. Nb6 Rf8 22. Nd7 Qf4 23. Qxf4 exf4 24. Nxf8 Kxf8 25. f3 Ke7 26. a4 Bd4 27. Bd5 b6 28. Kd3 Bxb2 29. Rb1 Bd4 30. Rxb6 Rxh3 31. Rb7+ Kf6 32. Rxf7+ Kg5 33. e5 Bxe5 34. Be4 Rh1 35. Rf8 Rd1+ 36. Kc4 Rd4+ 37. Kb5 d5 38. Bc2 Rd2 39. Re8 Bd4 0-1


[Site "https://www.chess.com"]

[Event "Titled Tuesday Blitz August 22 Early 2023"]
[White "Garakov, Mikhael"]
[Black "Orozbaev, Eldiar"]
[WhiteFideId "4169034"]
[BlackFideId "13802240"]
[WhiteElo "2589"]
[BlackElo "2760"]
[Result "0-1"]
[Round "5"]
[TimeControl "180+1"]
[Date "2023.08.22"]
[WhiteClock "0:00:08"]
[BlackClock "0:00:06"]
[Board "55"]

1. e4 e6 2. d4 d5 3. Nc3 Nf6 4. e5 Nfd7 5. f4 c5 6. Nf3 Nc6 7. Be3 Qb6 8. a3 a6 9. dxc5 Bxc5 10. Na4 Qa5+ 11. b4 Qxa4 12. bxc5 Qe4 13. Kf2 f6 14. c3 Qg6 15. Bd3 Qf7 16. exf6 Nxf6 17. Ng5 Qe7 18. Re1 O-O 19. Kg1 h6 20. Nf3 Qc7 21. h3 Bd7 22. Qd2 Rae8 23. Bd4 Nxd4 24. cxd4 Ne4 25. Bxe4 dxe4 26. Ne5 Bc6 27. Re3 Rxf4 28. Rg3 Rf6 29. Qe3 Bd5 30. a4 Ref8 31. Kh2 Kh7 32. Ra3 Qa5 33. Rg4 Rf1 34. Qg3 g5 35. Rxg5 hxg5 36. Qxg5 R8f3 37. Qg6+ Kh8 38. Qh6+ Kg8 39. Qg6+ Kh8 40. Qh6+ Kg8 41. Rxf3 Rxf3 42. Qg6+ Kf8 43. Qh6+ Ke8 44. Qg6+ Kd8 45. Qg8+ Kc7 46. Qg7+ Kb8 47. gxf3 Qd2+ 48. Kg3 Qe1+ 49. Kf4 Qc1+ 50. Kg3 Qg1+ 51. Kf4 Qxg7 0-1


[Site "https://www.chess.com"]

[Event "Titled Tuesday Blitz August 22 Early 2023"]
[White "Chyzy, Jakub"]
[Black "Kosteniuk, Alexandra"]
[WhiteFideId "21806209"]
[BlackFideId "4128125"]
[WhiteElo "2588"]
[BlackElo "2755"]
[Result "0-1"]
[Round "5"]
[TimeControl "180+1"]
[Date "2023.08.22"]
[WhiteClock "0:01:33"]
[BlackClock "0:02:07"]
[Board "56"]

1. e4 c6 2. d4 d5 3. e5 c5 4. dxc5 e6 5. Nf3 Bxc5 6. Bd3 Ne7 7. a3 Ng6 8. b4 Bb6 9. O-O Nd7 10. Bb2 O-O 11. Re1 a5 12. Nbd2 Nf4 13. Bf1 f6 14. c4 fxe5 15. c5 Bc7 16. Nxe5 Nxe5 17. Bxe5 Bxe5 18. Rxe5 Qf6 19. Nf3 axb4 20. axb4 Rxa1 21. Qxa1 Nh3+ 22. gxh3 Qxf3 23. Rg5 Qxf2+ 24. Kh1 Qxf1+ 0-1


[Site "https://www.chess.com"]

[Event "Titled Tuesday Blitz August 22 Early 2023"]
[White "Eynullayev, Altay"]
[Black "Hulka, Valentyn"]
[WhiteFideId "13413562"]
[BlackFideId "34107061"]
[WhiteElo "2581"]
[BlackElo "2729"]
[Result "0-1"]
[Round "5"]
[TimeControl "180+1"]
[Date "2023.08.22"]
[WhiteClock "0:00:00"]
[BlackClock "0:00:04"]
[Board "57"]

1. d4 d5 2. Bf4 c5 3. e3 Nc6 4. Nf3 cxd4 5. exd4 Bf5 6. Bd3 Bxd3 7. Qxd3 e6 8. O-O Bd6 9. Bxd6 Qxd6 10. Nbd2 Nge7 11. c3 O-O 12. Rfe1 Rab8 13. Ne5 Nxe5 14. Rxe5 b5 15. Rae1 b4 16. c4 Nc6 17. Rh5 g6 18. Rh4 dxc4 19. Nxc4 Qd5 20. Ne3 Qb5 21. Qd2 Rbd8 22. Ng4 h5 23. Qh6 Qf5 24. Rxh5 gxh5 25. Nf6+ Qxf6 26. Qxf6 Nxd4 27. Qg5+ Kh7 28. Qxh5+ Kg7 29. Re3 Rd5 30. Rg3+ Kf6 31. Qh4+ Ke5 32. Re3+ Kd6 33. h3 Rg8 34. Kh2 Nf5 35. Qf4+ Kd7 36. Re5 Rd4 37. Re4 Rd5 38. Rxb4 Nd6 39. Ra4 a5 40. Qe3 Rdg5 41. g3 Rd5 42. Qa7+ Kc6 43. Rxa5 Rxa5 44. Qxa5 Rb8 0-1


[Site "https://www.chess.com"]

[Event "Titled Tuesday Blitz August 22 Early 2023"]
[White "Koellner, Ruben Gideon"]
[Black "Badelka, Olga"]
[WhiteFideId "12993093"]
[BlackFideId "13509926"]
[WhiteElo "2724"]
[BlackElo "2549"]
[Result "1/2-1/2"]
[Round "5"]
[TimeControl "180+1"]
[Date "2023.08.22"]
[WhiteClock "0:00:05"]
[BlackClock "0:00:12"]
[Board "58"]

1. d4 Nf6 2. Nf3 e6 3. Nbd2 d5 4. e3 b6 5. Ne5 a6 6. f4 c5 7. c3 Bb7 8. Bd3 Nc6 9. Qf3 Be7 10. O-O Nd7 11. Qh3 g6 12. g4 Ncxe5 13. fxe5 h5 14. Nf3 Qc7 15. Bd2 c4 16. Bc2 O-O-O 17. g5 Nb8 18. Qg2 Nc6 19. h4 b5 20. a3 a5 21. Rfc1 Kd7 22. Qf2 Ra8 23. Nh2 Rhf8 24. Nf1 Qb6 25. Ng3 b4 26. axb4 axb4 27. Rxa8 Bxa8 28. Ra1 bxc3 29. bxc3 Qb2 30. Rc1 Bb7 31. Qe1 Ra8 32. Qd1 Ra2 33. Nf1 Ba6 34. Bb1 Ra1 35. Bc2 Rxc1 36. Qxc1 Ba3 37. Qb1 Bb5 38. Kf2 Na5 39. Qxb2 Bxb2 40. Ke2 Nb3 41. Be1 Nc1+ 42. Kd1 Nd3 43. Bd2 Kc6 44. Ng3 Kb6 45. e4 Nf2+ 46. Ke2 Nxe4 47. Nxe4 dxe4 48. Bxe4 Bc6 49. Ke3 Bxe4 50. Kxe4 Kc6 51. Be1 Ba1 52. Bd2 Bb2 53. Be1 Ba1 54. Bd2 Bb2 1/2-1/2


[Site "https://www.chess.com"]

[Event "Titled Tuesday Blitz August 22 Early 2023"]
[White "Bilan, Danila"]
[Black "carokannlover213"]
[WhiteFideId "24161918"]
[WhiteElo "2528"]
[BlackElo "2719"]
[Result "0-1"]
[Round "5"]
[TimeControl "180+1"]
[Date "2023.08.22"]
[WhiteClock "0:00:00"]
[BlackClock "0:00:06"]
[Board "59"]

1. d4 Nf6 2. Nf3 e6 3. g3 d5 4. Bg2 Be7 5. O-O O-O 6. c4 c6 7. Qc2 Ne4 8. Nfd2 f5 9. f3 Nxd2 10. Bxd2 Bf6 11. e3 Bd7 12. f4 g5 13. Bb4 Rf7 14. Bd6 gxf4 15. Bxf4 Na6 16. Nd2 Bg5 17. Bxg5 Qxg5 18. Qb3 Be8 19. Nf3 Qh6 20. Ne5 Rg7 21. Rf4 Nb8 22. cxd5 cxd5 23. Bxd5 exd5 24. Qxd5+ Kh8 25. Qd8 Qe6 26. Rxf5 Qxf5 27. Rf1 Qe6 28. Rf6 Qe7 29. Qxe7 Rxe7 30. Rf5 Nc6 0-1


[Site "https://www.chess.com"]

[Event "Titled Tuesday Blitz August 22 Early 2023"]
[White "Preotu, Razvan"]
[Black "Perera Alfonso, Rene Humberto"]
[WhiteFideId "2613280"]
[BlackFideId "3514722"]
[WhiteElo "2711"]
[BlackElo "2485"]
[Result "1-0"]
[Round "5"]
[TimeControl "180+1"]
[Date "2023.08.22"]
[WhiteClock "0:00:09"]
[BlackClock "0:00:00"]
[Board "60"]

1. e4 c5 2. Nf3 d6 3. d4 cxd4 4. Nxd4 Nf6 5. Nc3 g6 6. Be3 a6 7. f3 e5 8. Nb3 h5 9. Qd2 Be6 10. O-O-O Nbd7 11. Kb1 Qc7 12. h3 b5 13. Bd3 b4 14. Nd5 Bxd5 15. exd5 Nxd5 16. Bg5 N5f6 17. Rhe1 Be7 18. f4 O-O 19. f5 e4 20. Bxe4 Nxe4 21. Rxe4 Ne5 22. f6 Bd8 23. Qxd6 Re8 24. Qxc7 Bxc7 25. Rxb4 Rad8 26. Rxd8 Rxd8 27. Rd4 Rb8 28. Bf4 Rb7 29. Rd5 Nc6 30. Rd7 1-0


[Site "https://www.chess.com"]

[Event "Titled Tuesday Blitz August 22 Early 2023"]
[White "Karthik Rajaa"]
[Black "Girsh, Daniel"]
[WhiteFideId "25035215"]
[BlackFideId "30949190"]
[WhiteElo "2709"]
[BlackElo "2453"]
[Result "1-0"]
[Round "5"]
[TimeControl "180+1"]
[Date "2023.08.22"]
[WhiteClock "0:01:20"]
[BlackClock "0:01:37"]
[Board "61"]

1. Nf3 Nf6 2. c4 e6 3. g3 d5 4. Bg2 Be7 5. O-O O-O 6. d4 dxc4 7. Qc2 a6 8. a4 Bd7 9. Rd1 Bc6 10. Nc3 a5 11. e4 Na6 12. Ne5 Nb4 13. Qe2 Nd3 14. Nxd3 cxd3 15. Qxd3 e5 16. dxe5 Qxd3 17. Rxd3 Ng4 18. Nd5 Bc5 19. Be3 Bxe3 20. Nxe3 Nxe5 21. Rc3 Rfd8 22. Nd5 Rd7 23. f4 Ng6 24. h4 Bxd5 25. exd5 Rad8 26. Rac1 h5 27. Rxc7 Ne7 28. Rxd7 Rxd7 29. Rc5 Nf5 30. Bh3 g6 31. Rxa5 Rc7 32. Bxf5 gxf5 33. d6 Rc6 34. Rd5 1-0


[Site "https://www.chess.com"]

[Event "Titled Tuesday Blitz August 22 Early 2023"]
[White "Petrosian, Karlen"]
[Black "Baches Garcia, Guillermo"]
[WhiteFideId "4176146"]
[BlackFideId "2209764"]
[WhiteElo "2704"]
[BlackElo "2434"]
[Result "1-0"]
[Round "5"]
[TimeControl "180+1"]
[Date "2023.08.22"]
[WhiteClock "0:00:48"]
[BlackClock "0:00:00"]
[Board "62"]

1. e4 c5 2. Be2 Nc6 3. f4 e6 4. Nf3 d5 5. d3 Bd6 6. e5 Bc7 7. c3 Nge7 8. Be3 d4 9. Bf2 dxc3 10. bxc3 b6 11. O-O O-O 12. a4 Qd7 13. Na3 Rd8 14. Nc4 Bb7 15. Bh4 Re8 16. Qc1 Nf5 17. Bf2 Rad8 18. g4 Nfe7 19. Ng5 Nd5 20. Ne4 Ba8 21. Ra2 Nce7 22. Bh4 Rb8 23. Rd1 Ng6 24. Bg3 Nde7 25. h4 h6 26. h5 Nf8 27. Bf3 Nd5 28. Kh2 Nh7 29. Rg1 f5 30. exf6 Nhxf6 31. Ne5 Bxe5 32. fxe5 Nxe4 33. Bxe4 Ne7 34. g5 hxg5 35. Qxg5 Nf5 36. Bf4 Qf7 37. Rag2 Kh7 38. Qxg7+ Qxg7 39. Rxg7+ Kh8 40. Rxa7 Bxe4 41. dxe4 Nh4 42. Kh3 Nf3 43. Rg3 Ne1 44. Bg5 1-0


[Site "https://www.chess.com"]

[Event "Titled Tuesday Blitz August 22 Early 2023"]
[White "Papasimakopoulos, Alexandros"]
[Black "Lacasa Diaz, Jose Antonio"]
[WhiteFideId "4244125"]
[BlackFideId "2203375"]
[WhiteElo "2701"]
[BlackElo "2307"]
[Result "1-0"]
[Round "5"]
[TimeControl "180+1"]
[Date "2023.08.22"]
[WhiteClock "0:01:53"]
[BlackClock "0:00:04"]
[Board "63"]

1. d4 d5 2. c4 e6 3. Nc3 c5 4. e3 Nc6 5. Nf3 Nf6 6. cxd5 exd5 7. Bb5 cxd4 8. Nxd4 Bd7 9. O-O Bd6 10. b3 O-O 11. Bb2 Re8 12. Re1 Qe7 13. Bf1 a6 14. g3 Rad8 15. Bg2 Be6 16. Rc1 Nxd4 17. Qxd4 Bc5 18. Qh4 Ba7 19. Ne2 Ne4 20. Qxe7 Rxe7 21. Bd4 Bb8 22. Bb6 Rde8 23. Nd4 Bd7 24. Red1 g6 25. a4 h5 26. a5 Bd6 27. Ne2 Bc6 28. Nf4 Bxf4 29. gxf4 f5 30. Bf1 Kf7 31. Bxa6 Rd7 32. Bf1 Re6 33. b4 Ba4 34. Rd4 Nf6 35. b5 Ne4 36. Rxa4 1-0


[Site "https://www.chess.com"]

[Event "Titled Tuesday Blitz August 22 Early 2023"]
[White "Volovich, Vasily"]
[Black "Acosta Cruz, Oscar Yosimar"]
[WhiteFideId "34169676"]
[BlackFideId "5111269"]
[WhiteElo "2700"]
[BlackElo "2284"]
[Result "1-0"]
[Round "5"]
[TimeControl "180+1"]
[Date "2023.08.22"]
[WhiteClock "0:00:09"]
[BlackClock "0:00:04"]
[Board "64"]

1. e4 c6 2. Nf3 d5 3. Nc3 Bg4 4. h3 Bxf3 5. Qxf3 e6 6. d3 Nd7 7. d4 Qb6 8. Qd3 Bb4 9. Be2 dxe4 10. Qxe4 Ngf6 11. Qh4 O-O 12. O-O e5 13. dxe5 Nxe5 14. Be3 Ng6 15. Qc4 Qa5 16. Bd4 Rfe8 17. a3 Bxc3 18. Bxc3 Qg5 19. f4 Nxf4 20. Rxf4 Rxe2 21. Qxe2 Qxf4 22. Rf1 Qd6 23. Bxf6 gxf6 24. Qg4+ Kh8 25. Qh4 Kg7 26. Qg4+ Kh8 27. Qh4 Kg7 28. Rf3 Qc5+ 29. Kh1 Qe5 30. c3 Rd8 31. Rg3+ Kh8 32. Qg4 f5 33. Qg5 Rd1+ 34. Kh2 Qe8 35. Qg7# 1-0


[Site "https://www.chess.com"]

[Event "Titled Tuesday Blitz August 22 Early 2023"]
[White "Ibadov, Dashgyn"]
[Black "Eljanov, Pavel"]
[WhiteFideId "24107514"]
[BlackFideId "14102951"]
[WhiteElo "2580"]
[BlackElo "2893"]
[Result "0-1"]
[Round "5"]
[TimeControl "180+1"]
[Date "2023.08.22"]
[WhiteClock "0:00:00"]
[BlackClock "0:00:07"]
[Board "65"]

1. e4 c6 2. d4 d5 3. exd5 cxd5 4. Bd3 Nf6 5. h3 g6 6. Nf3 Bf5 7. Be2 Nc6 8. O-O Bg7 9. Bf4 O-O 10. c3 Ne4 11. Nbd2 Qd7 12. Re1 f6 13. c4 e6 14. Bh2 g5 15. cxd5 exd5 16. Rc1 Bg6 17. Bf1 Rfe8 18. Nb3 h6 19. Nc5 Nxc5 20. dxc5 f5 21. Bd6 Bf7 22. Bd3 Bxb2 23. Rb1 Bg7 24. Qc2 Re4 25. Nd2 Nd4 26. Qd1 Rxe1+ 27. Qxe1 Re8 28. Qd1 f4 29. Nf3 Bh5 30. Rb4 Nxf3+ 31. gxf3 Qxh3 32. Bf1 Qxf3 33. Qxf3 Bxf3 34. Rxb7 Re1 35. c6 Rc1 36. c7 Bg4 37. Rb8+ Kf7 38. Kg2 Bf5 39. Ba6 Rc6 40. c8=Q Bxc8 41. Bxc8 Rxd6 0-1


[Site "https://www.chess.com"]

[Event "Titled Tuesday Blitz August 22 Early 2023"]
[White "NovoselovRoman"]
[Black "Pichot, Alan"]
[BlackFideId "110973"]
[WhiteElo "2570"]
[BlackElo "2889"]
[Result "1-0"]
[Round "5"]
[TimeControl "180+1"]
[Date "2023.08.22"]
[WhiteClock "0:00:12"]
[BlackClock "0:01:06"]
[Board "66"]

1. e4 c5 2. Nc3 d6 3. g3 Nc6 4. Bg2 g6 5. d3 Bg7 6. f4 Rb8 7. a4 h5 8. Nf3 Bg4 9. h3 Bxf3 10. Qxf3 Nd4 11. Qf2 Nf6 12. Be3 Nd7 13. O-O a6 14. f5 Ne5 15. Nd5 e6 16. Bxd4 cxd4 17. Nf4 O-O 18. Kh1 Qg5 19. h4 Qe7 20. Qxd4 Ng4 21. Qb6 Kh7 22. c3 Be5 23. Bh3 gxf5 24. exf5 Rg8 25. Nxh5 d5 26. Rae1 Bxg3 27. Nxg3 Qxh4 28. Kg2 Nh2 29. Qe3 Nxf1 30. Rxf1 Rxg3+ 31. Qxg3 Rg8 32. Qxg8+ Kxg8 33. fxe6 fxe6 34. Bxe6+ Kg7 35. Rf3 Qxa4 36. Bxd5 b5 37. d4 Qd1 38. Rf2 a5 39. Bf3 Qd3 40. d5 b4 41. cxb4 axb4 42. Re2 Qd4 43. Rf2 Kg6 44. Re2 Kg5 45. Rf2 Kh4 46. Re2 Qg7+ 47. Kf2 Qd4+ 48. Kg2 b3 49. Re4+ 1-0


[Site "https://www.chess.com"]